 Dungeon Crawl Stone Soup version 0.18-a0-867-gfd1cc8f (webtiles) character file.

653 M4edhros the Sneak (level 7, 0/64 HPs)
             Began as an Octopode Artificer on Dec 21, 2015.
             Was a Priest of Lugonu.
             Killed by divine providence
             ... invoked by an orc priest
              (12 damage)
             ... on level 5 of the Dungeon.
             The game lasted 00:11:16 (4709 turns).

M4edhros the Sneak (Octopode Artificer)             Turns: 4709, Time: 00:11:16

Health: 0/64       AC: 23    Str: 11    XL:     7   Next: 54%
Magic:  10/10      EV:  2    Int: 16    God:    Lugonu [***...]
Gold:   229        SH:  0    Dex: 10    Spells: 0 memorised, 6 levels left

rFire  + + .     SeeInvis .     s - +2 whip (elec)
rCold  x x .     Gourm    .     (no shield)
rNeg   + + +     Faith    +     (helmet currently unavailable)
rPois  +         Spirit   .     a - amulet of faith
rElec  .         Dismiss  .     u - ring of fire (curse)
rCorr  .         Reflect  .     G - ring of fire
SustAt .         Harm     .     (no ring)
MR     .....     NoTele   +     (no ring)
Stlth  +++++.....               (no ring)
                                (no ring)
                                (no ring)
                                (no ring)

@: lethally poisoned (0 -> -1), tree-form, not resistant to hostile
enchantments, quite stealthy
A: almost no armour, amphibious, 8 rings, (constrict 8), (camouflage 0), clumsy
1, teleportitis 1, (gelatinous body 0)
a: Depart the Abyss, Bend Space, Banish, Renounce Religion


You were on level 5 of the Dungeon.
You worshipped Lugonu.
Lugonu was most pleased with you.
You were not hungry.
You were a tree.
You visited 2 branches of the dungeon, and saw 6 of its levels.

You collected 229 gold pieces.

Inventory:

Hand Weapons
 g - a +2 flail of protection
 l - a +0 hunting sling
 s - a +2 whip of electrocution (weapon)
 A - a +0 blowgun
 D - the +1 hand crossbow "Arcanum" {speed, *Confuse MR+++ Int+6}
   (You found it on level 4 of the Dungeon)

   Attacks with this weapon are significantly faster.
   It affects your intelligence (+6).
   It affects your resistance to hostile enchantments.
   It may confuse you when you take damage.
Missiles
 j - 185 stones (quivered)
 B - 13 poisoned needles
Jewellery
 a - an amulet of faith (around neck)
 u - a cursed ring of fire (left branch)
 G - a ring of fire (right branch)
Wands
 b - a wand of flame (6/48)
 c - a wand of enslavement (8/24)
 d - a wand of random effects (4/48)
 H - a wand of polymorph (7/24)
Scrolls
 e - 3 scrolls of random uselessness {unknown}
 h - 3 scrolls of remove curse
 k - a scroll of identify
 o - 2 scrolls of fear {unknown}
 p - a scroll of enchant armour {unknown}
 q - a scroll of immolation {unknown}
 t - 2 scrolls of enchant weapon
 w - 2 scrolls of blinking
 y - a scroll of teleportation
 z - a scroll of noise
Potions
 m - a potion of cancellation {unknown}
 n - 2 potions of heal wounds {unknown}
 r - a potion of berserk rage {unknown}
 v - a potion of mutation {unknown}
 x - 2 potions of poison {unknown}
 C - a potion of ambrosia {unknown}
 E - 2 potions of resistance {unknown}
 I - a potion of flight {unknown}
Comestibles
 f - 3 bread rations
 i - 6 meat rations


   Skills:
 + Level 1.4 Fighting
   Level 1.0 Short Blades
 + Level 2.8 Slings
 + Level 4.6 Dodging
 + Level 6.3 Stealth
 * Level 1.2 Invocations
 + Level 5.0 Evocations


You had 6 spell levels left.
You didn't know any spells.

Dungeon Overview and Level Annotations

Branches:
Dungeon (5/15)             Temple (1/1) D:4

Altars:
Ashenzari
Cheibriados
Dithmenos
Gozag
Kikubaaqudgha
Makhleb
Nemelex Xobeh
Okawaru
Qazlal
Ru
Sif Muna
Trog
Vehumet
Xom
Yredelemnul
Zin
The Shining One
Lugonu


Innate Abilities, Weirdness & Mutations

You cannot wear most types of armour.
You are amphibious.
You can wear up to eight rings at the same time.
((You can use your tentacles to constrict eight enemies at once.))
((Your skin changes colour to match your surroundings (Stealth).))
((Your rubbery body absorbs attacks (AC +1).))
You are clumsy. (Dex -2)
You are occasionally teleported next to monsters.


Message History

You constrict the orc wizard.
The orc priest miscasts a cantrip.
The orc wizard closely misses you.
You hit the orc wizard but do no damage.
There is a sudden explosion of sparks!
You squeeze the orc wizard.
You kill the orc wizard!
Lugonu accepts your kill.
Your Invocations skill increases to level 1!
The orc priest mumbles some strange prayers to Beogh against you.
Something smites you!
* * * LOW HITPOINT WARNING * * *
Drink which item? (? for menu, Esc to quit)
You turn into a tree.
Your roots penetrate the ground.
You feel sick. The orc hits you but does no damage.
You hit the orc.
There is a sudden explosion of sparks!
You kill the orc!
Lugonu accepts your kill.
The orc priest mumbles some strange prayers to Beogh against you.
Something smites you!
You die...

.#..........###...#####.......#
#.# #######...................#
.## ###.........######.###+## #.#
.............######.# #.# .##
####................# #.#
#.###########.##.###########.#
.#..........................Z####
#+#####....##..#.######..........
...# #....###.#♣# #..........
...####....###.#)######..........
......'(..............+..........
.....##....####..######..........
.(...##....#.....................
.....##....#....o................
.....##....#.....................
.....####.........##.............
.....# #........>##.............


You could see an orc priest.

Vanquished Creatures
  An ogre (D:4)
  A killer bee (D:4)
  A centaur skeleton (D:4)
  3 orc wizards
  A giant frog skeleton (D:5)
  A worker ant (D:4)
  2 adders
  7 gnolls
  A shadow imp (D:5)
  An ooze (D:5)
  An adder skeleton (D:4)
  An adder zombie (D:5)
  A worm (D:3)
  6 giant geckos
  13 orcs
  8 bats
  A bat zombie (D:4)
  5 giant cockroaches
  6 hobgoblins
  7 jackals
  2 quokkas
  3 ball pythons
  4 giant newts
  7 goblins
  12 kobolds
  6 rats
  4 rat zombies (D:4)
106 creatures vanquished.

Vanquished Creatures (collateral kills)
  A sky beast (D:5)
  A killer bee (D:4)
  A worker ant (D:5)
  2 iguanas
  An adder (D:5)
  A quokka (D:4)
  A quokka skeleton (D:5)
8 creatures vanquished.

Grand Total: 114 creatures vanquished

Notes
Turn   | Place    | Note
--------------------------------------------------------------
     0 | D:1      | M4edhros the Octopode Artificer began the quest for the Orb.
     0 | D:1      | Reached XP level 1. HP: 13/13 MP: 3/3
   121 | D:2      | Found a snail-covered altar of Cheibriados.
   124 | D:2      | Found a shimmering altar of Xom.
   124 | D:2      | Found a glowing golden altar of the Shining One.
   127 | D:2      | Found an opulent altar of Gozag.
   132 | D:2      | Became a worshipper of Xom of Chaos
   190 | D:2      | Reached XP level 2. HP: 18/18 MP: 4/4
   205 | D:2      | XOM: potion effect (berserk rage)
   209 | D:2      | Reached XP level 3. HP: 23/23 MP: 5/5
   292 | D:3      | Reached XP level 4. HP: 28/28 MP: 6/6
   307 | D:3      | Reached skill level 4 in Evocations
   456 | D:4      | Found a deep blue altar of Sif Muna.
   482 | D:4      | Reached skill level 1 in Slings
   482 | D:4      | Reached XP level 5. HP: 25/33 MP: 8/8
   501 | D:4      | XOM: potion effect (might)
   583 | D:4      | Found a radiant altar of Vehumet.
   586 | D:4      | Found a burning altar of Makhleb.
   588 | D:4      | Found an iron altar of Okawaru.
   610 | D:4      | XOM: silly message
   630 | D:4      | Found a staircase to the Ecumenical Temple.
   649 | Temple   | Entered the Ecumenical Temple
   886 | Temple   | Fell from the grace of Xom
   886 | Temple   | Became a worshipper of Lugonu the Unformed
   886 | Temple   | Reached * piety under Lugonu
  1756 | D:2      | Reached XP level 6. HP: 35/38 MP: 9/9
  1763 | D:2      | XOM: mild Divn miscast
  1792 | D:2      | Reached ** piety under Lugonu
  1812 | D:2      | Found a faded altar to an unknown god.
  2262 | D:3      | XOM: summons 2 hostile shadow creatures
  2291 | D:3      | Found a shattered altar of Ashenzari.
  2632 | D:3      | Reached skill level 5 in Stealth
  2859 | D:4      | Reached *** piety under Lugonu
  2861 | D:4      | Found an ancient bone altar of Kikubaaqudgha.
  2918 | D:4      | Got a crude hand crossbow
  2919 | D:4      | Identified the cursed +1 hand crossbow "Arcanum" {speed, *Confuse MR+++ Int+6} (You found it on level 4 of the Dungeon)
  2952 | D:4      | Found a bloodstained altar of Trog.
  3032 | D:4      | XOM: medium Necr miscast
  3314 | D:4      | Reached XP level 7. HP: 43/43 MP: 10/10
  3335 | D:4      | XOM: noise
  3405 | D:4      | XOM: medium Trmt miscast
  3446 | D:4      | Gained mutation: You are clumsy. (Dex -2) [mutagenic glow]
  3492 | D:4      | Gained mutation: You are occasionally teleported next to monsters. [mutagenic glow]
  3594 | D:4      | XOM: medium Chrm miscast
  3611 | D:5      | Entered Level 5 of the Dungeon
  3746 | D:5      | Reached skill level 6 in Stealth
  4087 | D:5      | XOM: noise
  4100 | D:5      | XOM: mild Necr miscast
  4698 | D:5      | Reached skill level 5 in Evocations
  4707 | D:5      | Reached skill level 1 in Invocations
  4709 | D:5      | Killed from afar by an orc priest

Vault maps used:
D:1:      dpeg_arrival_water_temple_mockup, hex_medium
D:2:      grunt_temple_overflow_open, first_bread, ecumenical_altar_2
D:3:      cheibrodos_ashenzari_chains, patterned_corridor
D:4:      overflow_temple_1_default, nicolae_overflow_crystal_walls,
          lemuel_zombie_altar_kikubaaqudgha, grunt_temple_overflow_diamond,
          minmay_temple_entry_purple_smoke, kennysheep_generic_room_13
Temple:   corrupted_temple

Action                   |  1- 3 |  4- 6 |  7- 9 || total
-------------------------+-------+-------+-------++-------
Melee: Short sword       |     9 |       |       ||     9
       Flail             |     8 |    21 |       ||    29
       Whip              |       |   101 |    52 ||   153
 Fire: Blowgun           |       |    12 |       ||    12
Evoke: Wand              |     2 |    13 |    13 ||    28
  Use: Potion            |     1 |       |     1 ||     2
       Scroll            |       |     7 |       ||     7
 Stab: Sleeping          |     2 |    23 |     3 ||    28
       Paralysed         |       |     2 |       ||     2
       Distracted        |       |     1 |       ||     1
  Eat: Meat ration       |       |     1 |       ||     1
       Chunk             |       |     2 |     3 ||     5
       Bread ration      |       |       |     1 ||     1
